 Dungeon Crawl Stone Soup version 0.28.0 (webtiles) character file.

Game seed: 7277387995235387900

146 GrayStillPlays the Skirmisher (level 5, 0/42 HPs)
             Began as a Demonspawn Fighter on Feb 13, 2022.
             Slain by Sigmund (5 damage)
             ... on level 3 of the Dungeon.
             The game lasted 00:02:50 (2715 turns).

GrayStillPlays the Skirmisher (Demonspawn Fighter)  Turns: 2715, Time: 00:02:51

Health: 0/42       AC: 10    Str: 24    XL:     5   Next: 7%
Magic:  5/5        EV: 10    Int:  9    God:
Gold:   74         SH:  5    Dex: 13    Spells: 4/4 levels left

rFire   . . .      SeeInvis .   a - +0 war axe {axe}
rCold   . . .      Faith    .   c - +0 buckler
rNeg    . . .      Spirit   .   b - +0 scale mail
rPois   .          Reflect  .   (no helmet)
rElec   .          Harm     .   (no cloak)
rCorr   .          Rampage  .   (no gloves)
Will    .....                   (no boots)
Stlth   ..........              (no amulet)
HPRegen 0.14/turn               g - +6 ring of strength
MPRegen 0.09/turn               h - +4 ring of protection

@: no status effects
A: sturdy frame 1, condensation shield
a: no special abilities


You were on level 3 of the Dungeon.
You visited 1 branch of the dungeon, and saw 3 of its levels.

You collected 74 gold pieces.


Innate Abilities, Weirdness & Mutations

Your movements are slightly less encumbered by armour. (ER -2)
A meltable shield of frost defends you. (SH +0)


   Skills:
 + Level 3.8 Fighting
 + Level 2.8 Axes
 + Level 3.5 Armour
 + Level 3.4 Shields


You had 4 spell levels left.
You didn't know any spells.
Your spell library was empty.

Inventory:

Hand Weapons
 a - a +0 war axe (weapon) {axe}
Missiles
 j - 51 stones (quivered) {throwing}
 k - 29 arrows
 q - 8 sling bullets
Armour
 b - a +0 scale mail (worn)
 c - a +0 buckler (worn)
Jewellery
 g - a +6 ring of strength (left hand)
   (You found it on level 1 of the Dungeon)
 h - a +4 ring of protection (right hand)
   (You found it on level 1 of the Dungeon)
Scrolls
 f - 2 scrolls of fog {unknown}
 m - a scroll of blinking {unknown}
 n - a scroll of silence {unknown}
 o - a scroll of fear {unknown}
Potions
 d - a potion of might
 e - a potion of magic {unknown}
 i - a potion of ambrosia {unknown}
 l - a potion of attraction {unknown}
 p - a potion of degeneration {unknown}

Dungeon Overview and Level Annotations

Branches:
Dungeon (3/15)

Altars:
Trog

Annotations:
D:3 Sigmund

#.. ...# ... ...#
##.##..# ...#..# ....#
#..# ###########
##.##..####.........#
........){...........###
##.######@.............#
....(.####.........####
.......###.........##.##
........##.........##..#
........##..............
........#######..####...
..!.....# #..# #...
>....@..## ##.# #...
........o##### #.. ##...


There were no monsters in sight!


Message History

😮 HP[+1]
You see here a ball python corpse.
o - a scroll labelled NIAMPOAMOZ
Things that are here:
a +0 flail {mace}; a +0 leather armour; an orc corpse 😎 HP[+18]
Your hp is fully restored (37).
p - a fuming brown potion You now have 74 gold pieces (gained 6).
A bat comes into view.
A bat is nearby!
The bat hits you but does no damage.
You barely miss the bat. The bat hits you but does no damage.
You closely miss the bat. The bat closely misses you.
You block the bat's attack.
You closely miss the bat. The bat hits you but does no damage. x2
You slash the bat!
You kill the bat!
No target in view!
q - 8 sling bullets Key pressed, stopping explore.
No target in view!
An orc wizard is nearby!
The orc wizard shouts!
Sigmund shouts!
Sigmund gestures wildly while chanting.
Sigmund flickers and vanishes!
Deactivating autopickup; reactivate with Ctrl-A.
The orc wizard points at you and mumbles some strange words.
You resist with some effort.
You miss the orc wizard.
The orc wizard hits you but does no damage.
The orc wizard barely misses you.
You slash the orc wizard! Something hits you but does no damage.
You block the orc wizard's attack.
You slash the orc wizard!
You kill the orc wizard!
You block something's attack.
You have reached level 5! 😎 HP[+5] MP[+1]
You now have 42 max hp (+5).
Your hp is fully restored (42).
Your mp is fully restored (5).
You hear some strange, mumbled words.
Something tries to affect you, but you resist.
You are confused.
A puff of flame appears from out of thin air!
The puff of flame hits you!
Your condensation shield dissipates! 😮 HP[-13]
You take 13 damage, and now have 29/42 hp.
MASSIVE DAMAGE!! (PAUSE)
Something hits you but does no damage.
You bump into the rock wall. 😮 HP[+1]
Something hits you. 😮 HP[-5]
You take 5 damage, and now have 25/42 hp.
Something hits you but does no damage.
You bump into the rock wall.
You feel less confused.
You miss something. Something hits you.
* * * LOW HITPOINT WARNING * * *
😨 HP[-4]
You take 4 damage, and now have 21/42 hp.
You slash something! Something hits you.
* * * LOW HITPOINT WARNING * * *
😨 HP[-5]
You take 5 damage, and now have 16/42 hp.
You miss something.
Something hits you but does no damage. 😨 HP[+1]
You miss something. Something completely misses you.
You closely miss something. Something hits you.
* * * LOW HITPOINT WARNING * * *
😨 HP[-2]
You take 2 damage, and now have 15/42 hp.
You miss something. Something hits you.
* * * LOW HITPOINT WARNING * * *
😱 HP[-5]
You take 5 damage, and now have 10/42 hp.
You miss something. Something hits you but does no damage.
You miss something.
Sigmund appears from thin air!
Reactivating autopickup.
Sigmund gestures wildly while chanting.
Sigmund flickers and vanishes!
Deactivating autopickup; reactivate with Ctrl-A. 😨 HP[+1]
You closely miss something. Something hits you but does no damage.
You barely miss something. Something hits you but does no damage.
You miss something. Something hits you but does no damage.
You barely miss something. Something hits you!
* * * LOW HITPOINT WARNING * * *
😱 HP[-7]
You take 7 damage, and now have 4/42 hp.
You barely miss something.
You hear some strange, mumbled words.
A puff of flame appears from out of thin air!
The puff of flame misses you. 😱 HP[+1]
You closely miss something. Something hits you.
You die...

Skill      XL: |  1  2 |
---------------+-------+-----
Axes           | 2 |  2.8
Shields        | 3 |  3.4
Armour         | 3 |  3.5
Fighting       | |  3.8

Action                   |  1- 3 |  4- 6 || total
-------------------------+-------+-------++-------
Melee: War axe           |    92 |    71 ||   163
Armor: Scale mail        |    47 |    42 ||    89
Dodge: Dodged            |    41 |    35 ||    76
Block: Buckler           |    34 |    31 ||    65

Levels and vault maps discovered:
D:1:      amcnicky_arrival_abandoned_market, layout_basic
D:2:      layout_rooms, basic_altar, lightli_corner_chamber
D:3:      layout_rooms, tgw_trog, ebering_ecumenical_altar_box, uniq_sigmund,
          uniq_robin, uniq_terence

Notes
Turn   | Place    | Note
-------+----------+-------------------------------------------
     0 | D:1      | GrayStillPlays the Demonspawn Fighter began the quest for
                  | the Orb.
     0 | D:1      | Reached XP level 1. HP: 18/18 MP: 1/1
     0 | D:1      | magus.rc [v1.9.6]
   166 | D:1      | HP: 2/18 [hobgoblin (3)]
   462 | D:1      | Reached skill level 2 in Axes
   462 | D:1      | Gained mutation: A meltable shield of frost defends you.
                  | (SH +0) [demonic ancestry]
   462 | D:1      | Reached XP level 2. HP: 23/24 MP: 2/2
   841 | D:1      | Reached skill level 3 in Shields
   967 | D:1      | HP: 5/24 [gnoll (3)]
   974 | D:1      | HP: 3/24 [gnoll (2)]
   976 | D:1      | Reached skill level 3 in Armour
   976 | D:1      | Gained mutation: Your movements are slightly less
                  | encumbered by armour. (ER -2) [demonic ancestry]
   976 | D:1      | Reached XP level 3. HP: 3/29 MP: 3/3
  1887 | D:2      | Found a bloodstained altar of Trog.
  1907 | D:2      | Reached XP level 4. HP: 35/35 MP: 4/4
  2003 | D:2      | HP: 9/36 [poisoned by an adder]
  2271 | D:3      | Noticed Sigmund
  2692 | D:3      | Reached XP level 5. HP: 42/42 MP: 5/5
  2707 | D:3      | HP: 10/42 [something (5)]
  2713 | D:3      | HP: 4/42 [something (7)]
  2715 | D:3      | Slain by Sigmund

Vanquished Creatures
  An orc priest (D:3)
  An orc wizard (D:3)
  A gnoll (D:1)
  4 adders (D:2)
  A dart slug (D:1)
  3 orcs (D:3)
  5 bats
  3 endoplasms (D:1)
  3 giant cockroaches
  3 goblins
  4 hobgoblins
  A kobold (D:2)
  2 quokkas
  4 ball pythons
  A frilled lizard (D:2)
  6 rats
43 creatures vanquished.

Table legend:
 A = Non-vault XP
 B = Vault XP
 C = Vault XP percentage of total XP
 D = Non-vault monster count
 E = Vault monster count
 F = Vault count percentage of total count
                 A         B        C        D         E       F
            +---------+---------+-------+---------+---------+-------
      Total |     209 |       0 |   0.0 |      43 |       0 |   0.0
            +---------+---------+-------+---------+---------+-------
        D:1 |      44 |       0 |   0.0 |      18 |       0 |   0.0
        D:2 |      74 |       0 |   0.0 |      16 |       0 |   0.0
        D:3 |      91 |       0 |   0.0 |       9 |       0 |   0.0
            +---------+---------+-------+---------+---------+-------

Illustrated notes

Table legend:
 A = Kills in this place as a percentage of kills in entire the game.
 B = Kills by you in this place as a percentage of kills by you in the entire game.
 C = Kills by friends in this place as a percentage of kills by friends in the entire game.
 D = Other kills in this place as a percentage of other kills in the entire game.
 E = Experience gained in this place as a percentage of experience gained in the entire game.
 F = Experience gained in this place divided by the number of levels of this place that you have seen.
                   A       B       C       D       E      F
               +-------+-------+-------+-------+-------+----------------------
         Total | 100.0 | 100.0 |   N/A |   N/A | 100.0 |  69.7
       Dungeon | 100.0 | 100.0 |   N/A |   N/A | 100.0 |  69.7
               +-------+-------+-------+-------+-------+----------------------

Table legend: (Time is in decaauts)
 A = Elapsed time spent in this place.
 B = Non-inter-level travel time spent in this place.
 C = Inter-level travel time spent in this place.
 D = Time resting spent in this place.
 E = Time spent auto-exploring this place.
 F = Levels seen in this place.
 G = Mean time per level.
                   A        B        C        D        E       F      G
               +--------+--------+--------+--------+--------+-----+--------+
         Total |   2782 |   2714 |     68 |      0 |   2297 |   3 |  927.3 |
       Dungeon |   2782 |   2714 |     68 |      0 |   2297 |   3 |  927.3 |
               +--------+--------+--------+--------+--------+-----+--------+

Top non-repeatable levels by time:
     D:1: 1502 daAuts
     D:2: 838 daAuts
     D:3: 442 daAuts
